 Dungeon Crawl Stone Soup version 0.25-a0-1137-g7f6bfe439b (webtiles) character file.

Game seed: 3011697408149726151, levelgen mode: classic

611 Amnesiac the Poker (level 7, -10/52 HPs)
             Began as a Formicid Skald on May 23, 2020.
             Was a Follower of Okawaru.
             Mangled by an ice beast (14 damage)
             ... on level 5 of the Dungeon.
             The game lasted 00:08:56 (3495 turns).

Amnesiac the Poker (Formicid Skald)                 Turns: 3495, Time: 00:08:56

Health: -10/52     AC:  7    Str: 17    XL:     7   Next: 72%
Magic:  4/10       EV: 11    Int: 13    God:    Okawaru [*.....]
Gold:   100        SH:  0    Dex: 10    Spells: 5/11 levels left

rFire    . . .     SeeInvis +   a - +0 halberd
rCold    . . .     Gourm    .   (no shield)
rNeg     . . .     Faith    .   b - +0 leather armour
rPois    .         Spirit   .   (helmet unavailable)
rElec    .         Reflect  .   (no cloak)
rCorr    .         Harm     .   (no gloves)
MR       .....                  (no boots)
Stlth    ++........             (no amulet)
HPRegen  0.17/turn              p - +4 ring of protection
MPRegen  0.12/turn              o - ring of stealth

@: very slightly contaminated
A: permanent stasis, dig shafts and tunnels, four strong arms, antennae 3
a: Dig, Shaft Self, Heroism, Renounce Religion


You were on level 5 of the Dungeon.
You worshipped Okawaru.
Okawaru was aware of your devotion.
You were not hungry.

You visited 1 branch of the dungeon, and saw 5 of its levels.

You collected 100 gold pieces.

Inventory:

Hand Weapons
 a - a +0 halberd (weapon)
Armour
 b - a +0 leather armour (worn)
Jewellery
 n - an uncursed ring of flight
 o - a ring of stealth (right hand)
 p - a +4 ring of protection (left hand)
 t - an uncursed ring of ice
 v - an uncursed ring of protection from fire {unknown}
Wands
 j - a wand of polymorph (4)
 s - a wand of iceblast (9)
Scrolls
 f - a scroll of immolation {!r, unknown}
 h - 2 scrolls of remove curse {!r}
 l - 2 scrolls of identify {!r}
 w - a scroll of amnesia {!r, unknown}
Potions
 c - 2 potions of lignification {!q}
 e - 3 potions of heal wounds {!q}
 g - 3 potions of haste {!q}
 i - a potion of magic {!q}
 k - 2 potions of mutation {!q}
 m - 3 potions of curing {!q}
 q - a potion of flight {!q, unknown}
 r - 2 potions of brilliance {!q, unknown}
Comestibles
 d - 6 rations
 u - 3 chunks of flesh


   Skills:
 - Level 3.0 Fighting
 * Level 5.6 Polearms
 - Level 1.1 Armour
 - Level 1.7 Dodging
 - Level 2.5 Spellcasting
 + Level 3.2 Hexes
 + Level 4.8 Charms
 + Level 1.6 Evocations


You had 5 spell levels left.
You knew the following spells:

 Your Spells              Type           Power        Failure   Level  Hunger
a - Infusion              Chrm           ##..         4%          1    #......
b - Song of Slaying       Chrm           ##......     6%          2    ###....
e - Spectral Weapon       Hex/Chrm       ##......     16%         3    ###....

Your spell library contained the following spells:

 Spells                   Type           Power        Failure   Level  Hunger
 Shroud of Golubria       Chrm/Tloc      #.....       16%         2    ###....
 Ozocubu's Armour         Chrm/Ice       #.......     32%         3    ###....


Dungeon Overview and Level Annotations

Branches:
Dungeon (5/15)
 Temple: D:4-7

Altars:
Ashenzari
Dithmenos
Elyvilon
Fedhas
Makhleb
Okawaru
Trog
Vehumet
Xom
Yredelemnul


Innate Abilities, Weirdness & Mutations

You cannot be hasted, slowed, berserked, paralysed or teleported.
You can dig through walls and to a lower floor.
Your four strong arms can wield two-handed weapons with a shield.
You have a pair of large antennae on your head. (SInv)


Message History

You closely miss the hound. The hound bites you.
* * * LOW HITPOINT WARNING * * *
The hound barely misses you.
You barely miss the hound. The hound bites you.
* * * LOW HITPOINT WARNING * * *
The hound completely misses you.
You closely miss the hound. The hound bites you but does no damage.
The crimson imp laughs crazily.
You slash the hound!
You kill the hound!
Okawaru accepts your kill.
Your Hexes skill increases to level 3!
You closely miss the crimson imp. The crimson imp closely misses you.
You hit the crimson imp.
The crimson imp is moderately wounded.
The crimson imp hits you.
* * * LOW HITPOINT WARNING * * *
The crimson imp closely misses you.
You are too injured to fight recklessly!
You are too injured to fight recklessly!
You are too injured to fight recklessly!
You are too injured to fight recklessly!
You completely miss the crimson imp.
The crimson imp is lightly wounded.
The crimson imp blinks!
You swap places.
Your spectral weapon fades away.
The crimson imp hits you but does no damage.
The crimson imp closely misses you.
The crimson imp blinks!
Casting: Spectral Weapon (dangerous; 17% risk of failure)
Confirm with . or Enter, or press ? or * to list all spells.
You miscast Spectral Weapon.
You are very lightly contaminated with residual magic.
Nothing appears to happen.
The crimson imp blinks!
An ice beast comes into view.
Casting: Spectral Weapon (dangerous; 17% risk of failure)
Confirm with . or Enter, or press ? or * to list all spells.
You draw out your weapon's spirit!
The ogre hits you with a +0 giant spiked club!
* * * LOW HITPOINT WARNING * * *
You hit the ogre but do no damage.
You hear the slow hiss of a distant avalanche of sand.
You hear the slow rusting of a distant drain.
You puncture the ogre!
The ogre is severely wounded.
You kill the ogre!
Okawaru accepts your kill.
The crimson imp blinks!
You are too injured to fight recklessly!
You are too injured to fight recklessly!
Attack whom?
Press: ? - help, Dir - move target cursor, f - ice beast
Aim: an ice beast You reach to attack!
You closely miss the ice beast.
Attack whom?
Press: ? - help, Dir - move target cursor, f/p - ice beast
Aim: an ice beast You slash the ice beast!
The ice beast is heavily wounded.
The ice beast hits you.
* * * LOW HITPOINT WARNING * * *
The ice beast freezes you!
You die...

... .... . ... .. ..
...###. #..#..##
##.<....## ##
#.....<..##### ..#
#.....(Y@...##...#
#.)....).##....##
#.........##§....#
..........5...5.##
...(.....$......##
#...................
...................#
...............#....§.#
.......%.......#####....


You could see an ice beast, a crimson imp and a friendly spectral +0 halberd.

Vanquished Creatures
  A hungry ghost (D:4)
  An ogre (D:5)
  A hound (D:5)
  An orc wizard (D:3)
  2 centaur skeletons
  An iguana (D:4)
  Natasha (D:4)
  A worker ant (D:4)
  A hound skeleton (D:4)
  A worker ant zombie (D:4)
  4 adders
  6 gnolls (D:4)
  2 oozes
  An adder skeleton (D:4)
  2 dart slugs
  A leopard gecko (D:1)
  6 orcs
  A ball python (D:3)
  3 giant cockroaches
  7 goblins
  7 hobgoblins
  4 jackals (D:1)
  10 kobolds
  5 quokkas
  6 bats
  5 frilled lizards
  9 rats
90 creatures vanquished.

Notes
Turn   | Place    | Note
-------+----------+-------------------------------------------
     0 | D:1      | Amnesiac the Formicid Skald began the quest for the Orb.
     0 | D:1      | Reached XP level 1. HP: 16/16 MP: 3/3
   378 | D:1      | Reached XP level 2. HP: 19/23 MP: 1/5
   387 | D:1      | Learned a level 2 spell: Song of Slaying
   727 | D:1      | Reached XP level 3. HP: 17/28 MP: 1/6
  1178 | D:2      | Found an iron altar of Okawaru.
  1187 | D:2      | Became a worshipper of Warmaster Okawaru
  1228 | D:2      | Learned a level 3 spell: Spectral Weapon
  1254 | D:2      | Reached skill level 3 in Polearms
  1254 | D:2      | Reached XP level 4. HP: 17/34 MP: 0/7
  1511 | D:2      | Found a shimmering altar of Xom.
  1522 | D:2      | Found a burning altar of Makhleb.
  1545 | D:2      | Found a white marble altar of Elyvilon.
  1555 | D:2      | Found a shadowy altar of Dithmenos.
  1555 | D:2      | Found a shattered altar of Ashenzari.
  1557 | D:2      | Found a radiant altar of Vehumet.
  1557 | D:2      | Found a bloodstained altar of Trog.
  1558 | D:2      | Found a basalt altar of Yredelemnul.
  1861 | D:3      | Reached XP level 5. HP: 40/41 MP: 1/8
  2372 | D:4      | Reached skill level 4 in Polearms
  2372 | D:4      | Reached skill level 1 in Hexes
  2389 | D:4      | Reached XP level 6. HP: 44/47 MP: 7/9
  2437 | D:4      | Noticed a hungry ghost
  2457 | D:4      | Killed a hungry ghost
  2457 | D:4      | Reached * piety under Okawaru
  2482 | D:4      | Reached skill level 5 in Polearms
  2512 | D:4      | Reached XP level 7. HP: 10/52 MP: 6/10
  3242 | D:4      | Noticed Natasha
  3244 | D:4      | Killed Natasha
  3262 | D:4      | Reached skill level 1 in Evocations
  3394 | D:4      | Found a blossoming altar of Fedhas.
  3442 | D:5      | Entered Level 5 of the Dungeon
  3495 | D:5      | Mangled by an ice beast

Illustrated notes

Levels and vault maps discovered:
D:1:      dpeg_arrival_chambers_temple_mockup, layout_basic, minmay_liquid_box
D:2:      layout_rooms, minitemple, okawaru_ov_weapons_minmay,
          grunt_temple_overflow_open, kennysheep_another_room,
          minmay_misc_feat_pillars
D:3:      layout_loops_ring
D:4:      layout_basic, fedhas_altar_4, uniq_natasha
D:5:      layout_cave_pools, gup_ossuary_entry_pyramid, portal_sewer_entry_a,
          first_ration

Skill      XL: |  1  2  3  4  5  6  7 |
---------------+----------------------+-----
Polearms       | 3 4 5 |  5.6
Fighting       | 3 |  3.0
Hexes          | 1 2 3 |  3.2
Charms         | 4 |  4.8
Evocations     | 1 |  1.6
Armour         | |  1.1
Dodging        | |  1.7
Spellcasting   | |  2.5

Action                   |  1- 3 |  4- 6 |  7- 9 || total
-------------------------+-------+-------+-------++-------
Melee: Spear             |    95 |   117 |    19 ||   231
       Halberd           |       |       |    43 ||    43
 Cast: Infusion          |    14 |     7 |     3 ||    24
       Spectral Weapon   |     1 |    11 |     6 ||    18
  Use: Scroll            |       |    10 |       ||    10
 Stab: Sleeping          |       |     4 |     1 ||     5
       Distracted        |       |     1 |     1 ||     2
  Eat: Chunk             |     2 |     8 |     4 ||    14
Armor: Leather armour    |    32 |    11 |    22 ||    65
Dodge: Dodged            |    88 |    30 |    31 ||   149

Table legend:
 A = Non-vault XP
 B = Vault XP
 C = Vault XP percentage of total XP
 D = Non-vault monster count
 E = Vault monster count
 F = Vault count percentage of total count
                 A         B        C        D         E       F
            +---------+---------+-------+---------+---------+-------
      Total |     839 |      35 |   4.0 |      89 |       1 |   1.1
            +---------+---------+-------+---------+---------+-------
        D:1 |      39 |       0 |   0.0 |      25 |       0 |   0.0
        D:2 |      77 |       0 |   0.0 |      20 |       0 |   0.0
        D:3 |      89 |       0 |   0.0 |      21 |       0 |   0.0
        D:4 |     428 |      35 |   7.6 |      20 |       1 |   4.8
        D:5 |     206 |       0 |   0.0 |       3 |       0 |   0.0
            +---------+---------+-------+---------+---------+-------
